 Dungeon Crawl Stone Soup version 0.29.0-11-gd7f09526c8 (webtiles) character file.

Game seed: 17763276532470331887

185 Arum the Slasher (level 5, 0/45 (47) HPs)
             Began as a Minotaur Gladiator on Sept 5, 2022.
             Killed by a bolt of negative energy (29 damage)
             ... invoked by the anger of Yredelemnul
             ... on level 2 of the Dungeon.
             The game lasted 00:01:47 (1202 turns).

Arum the Slasher (Minotaur Gladiator)               Turns: 1202, Time: 00:01:48

HP:   0/45 (47)     AC:  4    Str: 18    XL:     5   Next: 37%
MP:   4/4           EV: 13    Int:  5    God:
Gold: 51            SH:  0    Dex: 14    Spells: 4/4 levels left

rFire   . . .      SeeInvis .   a - +0 long sword
rCold   . . .      Faith    .   (no shield)
rNeg    . . .      Spirit   .   b - +0 leather armour
rPois   .          Reflect  .   c - +0 hat
rElec   .          Harm     .   (no cloak)
rCorr   .          Rampage  .   (no gloves)
Will    .....                   n - +0 pair of boots
Stlth   +.........              (no amulet)
HPRegen 0.15/turn               (no ring)
MPRegen 0.09/turn               (no ring)

@: lightly drained
A: horns 2, retaliatory headbutt
a: no special abilities


You were on level 2 of the Dungeon.
You visited 1 branch of the dungeon, and saw 2 of its levels.

You collected 51 gold pieces.

Inventory:

Hand Weapons
 a - a +0 long sword (weapon)
Missiles
 d - 3 throwing nets (quivered)
 e - a javelin
Armour
 b - a +0 leather armour (worn)
 c - a +0 hat (worn)
 n - a +0 pair of boots (worn)
Scrolls
 f - a scroll of fear {unknown}
 g - a scroll of enchant weapon {unknown}
 h - a scroll of teleportation {unknown}
 i - a scroll of silence {unknown}
 k - a scroll of identify {unknown}
Potions
 j - a potion of haste {unknown}
 l - a potion of curing {unknown}
 m - 2 potions of lignification {unknown}
 o - a potion of brilliance {unknown}
 p - a potion of flight {unknown}
 q - a potion of heal wounds {unknown}


   Skills:
 + Level 4.3 Fighting
 + Level 5.2 Long Blades
 - Level 2.0 Throwing
 + Level 4.7 Dodging


You had 4 spell levels left.
You didn't know any spells.
Your spell library contained the following spells:

 Spells                   Type           Power      Damage    Failure   Level
 Slow                     Hex            0%         N/A       54%         1
 Ensorcelled Hibernation  Hex/Ice        0%         N/A       67%         2
 Passwall                 Tmut/Erth      0%         N/A       67%         2
 Confusing Touch          Hex            0%         N/A       88%         3
 Gell's Gravitas          Tloc           0%         N/A       88%         3
 Lesser Beckoning         Tloc           0%         N/A       88%         3
 Swiftness                Air            0%         N/A       88%         3
 Teleport Other           Tloc           0%         N/A       88%         3
 Vampiric Draining        Necr           0%         2d6       88%         3


Dungeon Overview and Level Annotations

Branches:
Dungeon (2/15)

Altars:
Yredelemnul


Innate Abilities, Weirdness & Mutations

You have a pair of horns on your head.
You reflexively headbutt those who attack you in melee.


Message History

Sigmund is moderately wounded.
Sigmund gestures at you while chanting. The magic dart hits you.
You closely miss Sigmund.
Sigmund is moderately wounded.
Sigmund hits you with a +0 scythe.
You're too confused to move!
Sigmund hits you but does no damage.
You bump into the rock wall.
You hit Sigmund. Your headbutt misses Sigmund.
Sigmund is heavily wounded.
You feel less confused. Sigmund hits you with a +0 scythe!
You hit Sigmund. You headbutt Sigmund.
Sigmund is almost dead.
Sigmund closely misses you.
You hit Sigmund. Your headbutt misses Sigmund.
Sigmund is almost dead.
Sigmund points at you and mumbles some strange words.
You resist with significant effort.
You slash Sigmund!
You kill Sigmund!
Your life force feels restored.
Your Fighting skill increases to level 4!
Your Long Blades skill increases to level 5!
Your Dodging skill increases to level 4!
You have reached level 3!
Your experience leads to an increase in your attributes!
Increase (S)trength, (I)ntelligence, or (D)exterity?
You feel agile. x2
You have reached level 4!
You feel agile.
You have reached level 5!
q - an orange potion
Things that are here:
a +0 scythe; a +0 robe; the human corpse of Sigmund You start resting.
Yredelemnul's anger turns toward you for a moment.
The bolt of negative energy hits you!!
You feel drained.
Ouch! That really hurt!
You die...

##.####### .#.......#
.#######.# .# #.....#
#### .###.#..## #..
#....#..## #.######
.....#...####.##...
#....#........##.##
#....#..<......)@.#
........#.##..#.....#
#...###)#.##..###.>.+
##### #...#..(# ...#
#####.#.# #### #...#
#####


You could see the anger of Yredelemnul (unaware).

Vanquished Creatures
  Sigmund (D:2)
  A dart slug (D:1)
  A ball python (D:1)
  A bat (D:1)
  2 endoplasms
  3 goblins (D:1)
  A hobgoblin (D:1)
  4 jackals (D:1)
  A kobold (D:2)
  A quokka (D:1)
  2 rats (D:1)
18 creatures vanquished.

Notes
Turn   | Place    | Note
-------+----------+-------------------------------------------
     0 | D:1      | Arum the Minotaur Gladiator began the quest for the Orb.
     0 | D:1      | Reached XP level 1. HP: 18/18 MP: 0/0
   154 | D:1      | Found a faded altar of an unknown god.
   189 | D:1      | Prayed at the altar of an unknown god.
   189 | D:1      | Became a worshipper of Yredelemnul the Dark
   189 | D:1      | Reached * piety under Yredelemnul
   190 | D:1      | Fell from the grace of Yredelemnul
   246 | D:1      | Reached XP level 2. HP: 25/25 MP: 1/1
   298 | D:1      | Reached skill level 4 in Long Blades
  1089 | D:2      | Noticed Sigmund
  1104 | D:2      | Killed Sigmund
  1105 | D:2      | Reached skill level 5 in Long Blades
  1105 | D:2      | Reached XP level 3. HP: 10/34 MP: 2/2
  1105 | D:2      | Reached XP level 4. HP: 13/41 MP: 3/3
  1105 | D:2      | Reached XP level 5. HP: 15/47 MP: 4/4
  1202 | D:2      | Killed by a bolt of negative energy

Illustrated notes

Levels and vault maps discovered:
D:1:      ebering_trefoil_3fold, layout_loops_cross,
          hellmonk_ecumenical_altar_crossroads
D:2:      layout_basic, minmay_pentomino_o2, uniq_jessica, uniq_sigmund

Skill      XL: |  1  2 |
---------------+-------+-----
Long Blades    | 5 |  5.2
Fighting       | 4 |  4.3
Dodging        | 4 |  4.7
Throwing       | |  2.0

Action                   |  1- 3 |  4- 6 || total
-------------------------+-------+-------++-------
Melee: Long sword        |    42 |       ||    42
       Headbutt          |     8 |       ||     8
       Punch             |     1 |       ||     1
Invok: Renounce Religion |     1 |       ||     1
Armor: Leather armour    |    14 |       ||    14
Dodge: Dodged            |    26 |       ||    26
